 Dungeon Crawl Stone Soup version 0.28-a0-1213-g0243856f03 (webtiles) character file.

Game seed: 6118479950775747545

167 Zonian the Bolt Thrower (level 5, -7/34 (35) HPs)
             Began as a Demonspawn Wanderer on Dec 22, 2021.
             Mangled by Crazy Yiuf (13 damage)
             ... on level 3 of the Dungeon.
             The game lasted 00:05:16 (3500 turns).

Zonian the Bolt Thrower (Demonspawn Wanderer)       Turns: 3500, Time: 00:05:17

HP:   -7/34 (35)    AC:  5    Str: 13    XL:     5   Next: 23%
MP:   9/9           EV: 10    Int: 16    God:
Gold: 91            SH:  0    Dex: 11    Spells: 9/10 levels left

rFire   . . .      SeeInvis .   o - +6 whip
rCold   . . .      Faith    .   (no shield)
rNeg    . . .      Spirit   .   c - +0 ring mail
rPois   .          Reflect  .   (no helmet)
rElec   .          Harm     .   (no cloak)
rCorr   .          Rampage  .   (no gloves)
Will    .....                   (no boots)
Stlth   +.........              (no amulet)
HPRegen 0.11/turn               (no ring)
MPRegen 0.11/turn               (no ring)

@: lethally poisoned (-7 -> -18), lightly drained
A: spiny 1, demonic magic 2, demonic touch 1
a: no special abilities


You were on level 3 of the Dungeon.
You visited 1 branch of the dungeon, and saw 3 of its levels.

You collected 91 gold pieces.

Inventory:

Hand Weapons
 a - a +2 hand crossbow
 f - a +4 whip of flaming
 l - a +2 vampiric spear
 o - a +6 whip (weapon)
Missiles
 b - 23 bolts
Armour
 c - a +0 ring mail (worn)
Jewellery
 d - a ring of see invisible
Wands
 m - a wand of polymorph (13)
Scrolls
 e - a scroll of amnesia
 i - 2 scrolls of teleportation
 n - a scroll of fear {unknown}
Potions
 g - a potion of berserk rage
 h - a potion of curing {unknown}
 j - a potion of mutation
 k - a potion of flight {unknown}


   Skills:
 + Level 2.0 Maces & Flails
 - Level 3.6 Crossbows
 + Level 2.9 Armour
 + Level 3.0 Spellcasting
 + Level 3.1 Summonings


You had 9 spell levels left.
You knew the following spells:

 Your Spells              Type           Power      Damage    Failure   Level
a - Summon Small Mammal   Summ           48%        N/A       11%         1

Your spell library contained the following spells:

 Spells                   Type           Power      Damage    Failure   Level
 Summon Guardian Golem    Hex/Summ       7%         N/A       52%         3


Dungeon Overview and Level Annotations

Branches:
Dungeon (3/15)

Altars:

Shops:
D:1 (

Annotations:
D:3 Crazy Yiuf


Innate Abilities, Weirdness & Mutations

You are partially covered in sharp spines.
Spells you cast may paralyse nearby enemies.
Your touch may inflict minor irresistible damage on your foes.


Message History

The adder closely misses you. The adder bites you.
You barely miss the adder.
The adder is almost dead.
The adder is struck by your spines.
You kill the adder!
Your Maces & Flails skill increases to level 2!
Unknown command.
You see here a +6 whip.
o - a +6 whip
b - 22 bolts (gained 1)
b - 23 bolts (gained 1) HP restored.
Found an escape hatch in the ceiling.
Found a mace.
Found a runed translucent door.
Unknown command.
Crazy Yiuf shouts!
Crazy Yiuf screams, "Announcement verde sizzlefizz!"
Your +4 whip of flaming stops flaming.
o - a +6 whip (weapon)
Unknown command.
You open the door.
Unknown command.
You hit Crazy Yiuf.
Crazy Yiuf is moderately wounded.
Crazy Yiuf whimpers, "Buddy!"
Crazy Yiuf is struck by your spines.
Crazy Yiuf hits you with a +2 quarterstaff of chaos.
You feel drained.
You hit Crazy Yiuf.
Crazy Yiuf is severely wounded.
Crazy Yiuf is struck by your spines.
Crazy Yiuf hits you with a +2 quarterstaff of chaos!
You are poisoned.
You closely miss Crazy Yiuf. Your touch misses Crazy Yiuf.
Crazy Yiuf is almost dead.
You feel very sick.
Crazy Yiuf hits you with a +2 quarterstaff of chaos!
* * * LOW HITPOINT WARNING * * *
You convulse!
You die...

#.##### #.# #.#.###
#.#...#######.#
#....##
..............#
#..#...
#.#...######### #...##
#.##### ##.### #.# #.#
# #.# ### ♣♣#### #.# #
... #)..#♣♣
♣♣.#..###.### ...
#...g@♣♣♣♣............
...
#...#♣..♣......###.###
...# ###
♣♣♣.♣..#......###
♣♣♣♣♣##.##.....
#<##.#### ####.# #.#
#.# #.#


You could see Crazy Yiuf.

Vanquished Creatures
  Natasha (thrice) (D:2)
  Terence (D:3)
  2 adders (D:3)
  A worm (D:3)
  An orc (D:3)
  2 endoplasms
  6 goblins
  10 hobgoblins
  6 jackals
  A quokka (D:3)
  2 ball pythons
  2 bats (D:2)
  A frilled lizard (D:2)
  6 kobolds
  2 rats (D:1)
46 creatures vanquished.

Vanquished Creatures (collateral kills)
  A rat (D:1)
1 creature vanquished.

Grand Total: 47 creatures vanquished

Notes
Turn   | Place    | Note
-------+----------+-------------------------------------------
     0 | D:1      | Zonian the Demonspawn Wanderer began the quest for the Orb.
     0 | D:1      | Zonian set off with the following items: a +2 hand
                  | crossbow, 26 bolts, a +0 ring mail; and the following spell
                  | memorised: Summon Small Mammal; and the following spells
                  | available to memorise: Summon Guardian Golem
     0 | D:1      | Reached XP level 1. HP: 13/13 MP: 3/3
     2 | D:1      | Noticed a ghoul
     2 | D:1      | Noticed a merfolk
     4 | D:1      | Noticed a tengu
     4 | D:1      | Noticed a demigod
     8 | D:1      | Noticed a spriggan
     8 | D:1      | Noticed a felid
    10 | D:1      | Noticed a formicid
    12 | D:1      | Noticed a vine stalker
    12 | D:1      | Noticed an octopode
    14 | D:1      | Noticed a minotaur
    14 | D:1      | Noticed a demonspawn
    16 | D:1      | Noticed a gargoyle
    18 | D:1      | Noticed an elf
    18 | D:1      | Noticed a troll
    20 | D:1      | Noticed a draconian
    20 | D:1      | Noticed an ogre
    22 | D:1      | Noticed a naga
    24 | D:1      | Noticed a vampire
    24 | D:1      | Noticed a human
    26 | D:1      | Noticed a dwarf
   132 | D:1      | Found a faded altar of an unknown god.
   290 | D:1      | Found Baxzanuu's Weapon Shoppe.
   300 | D:1      | Gained mutation: Spells you cast may paralyse adjacent
                  | enemies. [demonic ancestry]
   300 | D:1      | Reached XP level 2. HP: 19/19 MP: 5/5
  1361 | D:2      | Gained mutation: You are partially covered in sharp spines.
                  | [demonic ancestry]
  1361 | D:2      | Reached XP level 3. HP: 17/24 MP: 6/6
  1687 | D:2      | Noticed Natasha
  1693 | D:2      | Killed Natasha
  1694 | D:2      | Reached skill level 1 in Maces & Flails
  1888 | D:2      | Noticed Natasha
  1898 | D:2      | Killed Natasha
  1899 | D:2      | Discovered your monstrous ancestry.
  1899 | D:2      | Gained mutation: Your touch may inflict minor irresistible
                  | damage on your foes. [demonic ancestry]
  1899 | D:2      | Reached XP level 4. HP: 7/30 MP: 7/7
  2532 | D:2      | Noticed Natasha
  2537 | D:2      | Killed Natasha
  3078 | D:3      | Noticed Terence
  3088 | D:3      | Killed Terence
  3089 | D:3      | Gained mutation: Spells you cast may paralyse nearby
                  | enemies. [demonic ancestry]
  3089 | D:3      | Reached XP level 5. HP: 35/35 MP: 9/9
  3492 | D:3      | Found a runed translucent door.
  3493 | D:3      | Noticed Crazy Yiuf
  3500 | D:3      | Mangled by Crazy Yiuf

Illustrated notes

Levels and vault maps discovered:
D:1:      kb_arrival_jail, layout_rooms, basic_ecumenical_altar, serial_shops,
          nicolae_shop_stone, kennysheep_small_spiral
D:2:      layout_rooms, hex_medium, uniq_natasha
D:3:      layout_loops_ring, chequers_jeans, minmay_quadrilaterals,
          uniq_crazy_yiuf_cottage, uniq_terence

Skill      XL: |  1  2  3  4  5 |
---------------+----------------+-----
Armour         | 2 |  2.9
Maces & Flails | 1 2 |  2.0
Summonings     | 3 |  3.1
Spellcasting   | 3 |  3.0
Crossbows      | |  3.6

Action                   |  1- 3 |  4- 6 || total
-------------------------+-------+-------++-------
Melee: Whip              |    61 |    17 ||    78
       Touch             |       |     2 ||     2
 Fire: Hand crossbow     |    28 |    33 ||    61
 Cast: Summon Small Mamm |     1 |       ||     1
  Use: Scroll            |       |     7 ||     7
Armor: Ring mail         |    23 |     6 ||    29
       Skin              |       |     6 ||     6
Dodge: Dodged            |    41 |    15 ||    56

Table legend: (Time is in decaauts)
 A = Elapsed time spent in this place.
 B = Non-inter-level travel time spent in this place.
 C = Inter-level travel time spent in this place.
 D = Time resting spent in this place.
 E = Time spent auto-exploring this place.
 F = Levels seen in this place.
 G = Mean time per level.
                   A        B        C        D        E       F      G
               +--------+--------+--------+--------+--------+-----+--------+
         Total |   3528 |   3512 |     16 |   1426 |   1642 |   3 | 1176.0 |
       Dungeon |   3528 |   3512 |     16 |   1426 |   1642 |   3 | 1176.0 |
               +--------+--------+--------+--------+--------+-----+--------+

Top non-repeatable levels by time:
     D:2: 1541 daAuts
     D:1: 1282 daAuts
     D:3: 703 daAuts
